 Dungeon Crawl Stone Soup version 0.29-a0-271-gd4eb659eea (webtiles) character file.

Game seed: 10017780133614690163

46 Morbidden the Ruffian (level 3, 35/35 HPs)
             Began as a Troll Warper on Mar 8, 2022.
             Was a Follower of Okawaru.
             Quit the game on level 2 of the Dungeon.
             The game lasted 00:01:01 (932 turns).

Morbidden the Ruffian (Troll Warper)                 Turns: 932, Time: 00:01:02

Health: 35/35      AC:  4    Str: 21    XL:     3   Next: 46%
Magic:  3/3        EV: 10    Int:  9    God:    Okawaru [*.....]
Gold:   36         SH:  0    Dex:  9    Spells: 4/4 levels left

rFire   . . .      SeeInvis .     - Unarmed
rCold   . . .      Faith    .   (no shield)
rNeg    . . .      Spirit   .   a - +0 robe
rPois   .          Reflect  .   (helmet restricted)
rElec   .          Harm     .   (no cloak)
rCorr   .          Rampage  .   (gloves unavailable)
Will    .....                   (boots unavailable)
Stlth   +.........              (no amulet)
HPRegen 0.91/turn               (no ring)
MPRegen 0.08/turn               (no ring)

@: no status effects
A: large, unfitting armour, claws 3, regeneration 1, shaggy fur 1, tough skin 1
a: Renounce Religion, Heroism


You were on level 2 of the Dungeon.
You worshipped Okawaru.
Okawaru was aware of your devotion.
You visited 1 branch of the dungeon, and saw 2 of its levels.

You collected 36 gold pieces.

Inventory:

Missiles
 c - 7 boomerangs of dispersal (quivered)
Armour
 a - a +0 robe (worn)
Scrolls
 b - a scroll of blinking
 d - a scroll of noise {unknown}
 e - 4 scrolls of identify {unknown}
Potions
 f - 2 potions of heal wounds {unknown}
 g - a potion of haste {unknown}
 h - a potion of might {unknown}
 i - a potion of degeneration {unknown}


   Skills:
 * Level 2.0 Fighting
 + Level 0.8 Throwing
 * Level 2.3 Dodging
 * Level 2.6 Unarmed Combat
 * Level 1.2 Spellcasting
 + Level 2.4 Translocations


You had 4 spell levels left.
You didn't know any spells.
Your spell library contained the following spells:

 Spells                   Type           Power      Damage    Failure   Level
 Blink                    Tloc           8%         N/A       21%         2
 Gell's Gravitas          Tloc           4%         N/A       36%         3
 Lesser Beckoning         Tloc           4%         N/A       36%         3
 Teleport Other           Tloc           4%         N/A       36%         3
 Portal Projectile        Hex/Tloc       4%         N/A       54%         3
 Manifold Assault         Tloc           4%         N/A       98%         5
 Blade Hands              Tmut           0%         N/A       100%        5
 Excruciating Wounds      Necr           0%         N/A       100%        5


Dungeon Overview and Level Annotations

Branches:
Dungeon (2/15)

Altars:
Gozag
Okawaru


Innate Abilities, Weirdness & Mutations

You are too large for most types of armour.
You have claws for hands.
Your natural rate of healing is unusually fast.
You are covered in fur. (AC +1)
You have tough skin. (AC +1)


Message History

You miss the adder.
The adder is moderately wounded.
The adder bites you. x2
You are poisoned.
The adder poisons you!
You barely miss the adder.
The adder is moderately wounded.
You feel sick. The adder bites you.
You are more poisoned.
The adder poisons you!
You scratch the adder.
The adder is severely wounded.
You feel sick. The adder bites you but does no damage.
You barely miss the adder.
The adder is severely wounded.
You feel sick. The adder closely misses you.
You scratch the adder.
You kill the adder!
Okawaru accepts your kill.
You feel sick.
No target in view!
No target in view!
No target in view!
No target in view!
No target in view!
No target in view!
No target in view!
You feel sick.
You feel sick.
You feel sick.
You feel sick.
You feel sick.
You are no longer poisoned.
HP restored.
Found a scroll labelled REIMNE LEEGGAI.
Things that are here:
an adder corpse; a jackal corpse
e - 4 scrolls labelled REIMNE LEEGGAI (gained 1)
Found a club.
Are you sure you want to abandon this character and quit the game? (Confirm with "yes".)

#........####.#
##.. #.......##
#.# ### #.......#
#.# ####.##.# #.#
#....# #.# ###.##
#.# ####†##### #
#........##.#####
#.##.###.@......)
# #.# ####.#####
#.# # #.# #.# #.#
...


There were no monsters in sight!

Vanquished Creatures
  2 adders (D:2)
  A worm (D:1)
  A dart slug (D:1)
  A bat (D:2)
  2 giant cockroaches (D:1)
  A goblin (D:1)
  2 hobgoblins
  2 jackals (D:2)
  4 ball pythons (D:1)
  3 kobolds
  5 rats
24 creatures vanquished.

Notes
Turn   | Place    | Note
-------+----------+-------------------------------------------
     0 | D:1      | Morbidden the Troll Warper began the quest for the Orb.
     0 | D:1      | Reached XP level 1. HP: 19/19 MP: 1/1
   101 | D:1      | Reached XP level 2. HP: 14/27 MP: 2/2
   305 | D:1      | Noticed a golden eye
   309 | D:1      | Found a faded altar of an unknown god.
   310 | D:1      | Noticed a great orb of eyes
   310 | D:1      | Noticed an eye of devastation
   310 | D:1      | Noticed a floating eye
   354 | D:1      | Prayed at the altar of an unknown god.
   354 | D:1      | Became a worshipper of Warmaster Okawaru
   354 | D:1      | Reached * piety under Okawaru
   807 | D:2      | Found an opulent altar of Gozag.
   891 | D:2      | Reached XP level 3. HP: 29/35 MP: 3/3
   932 | D:2      | Quit the game

Illustrated notes

Levels and vault maps discovered:
D:1:      ncdulo_lavacross, layout_basic,
          hellmonk_ecumenical_altar_watching_god, nicolae_wormholes
D:2:      layout_loops_ring, basic_altar

Skill      XL: |  1  2 |
---------------+-------+-----
Dodging        | 2 |  2.3
Fighting       | 2 |  2.0
Throwing       | |  0.8
Unarmed Combat | |  2.6
Spellcasting   | |  1.2
Translocations | |  2.4

Action                   || total
-------------------------++-------
Melee: Unarmed           ||    86
       Punch             ||     1
Armor: Robe              ||    26
Dodge: Dodged            ||    47

Table legend: (Time is in decaauts)
 A = Elapsed time spent in this place.
 B = Non-inter-level travel time spent in this place.
 C = Inter-level travel time spent in this place.
 D = Time resting spent in this place.
 E = Time spent auto-exploring this place.
 F = Levels seen in this place.
 G = Mean time per level.
                   A        B        C        D        E       F      G
               +--------+--------+--------+--------+--------+-----+--------+
         Total |    927 |    886 |     41 |    114 |    596 |   2 |  463.5 |
       Dungeon |    927 |    886 |     41 |    114 |    596 |   2 |  463.5 |
               +--------+--------+--------+--------+--------+-----+--------+

Top non-repeatable levels by time:
     D:1: 743 daAuts
     D:2: 183 daAuts
